 Dungeon Crawl Stone Soup version 0.31.0-9-g3a7656b989 (console) character file.

Game seed: 441428778846509552

6483 Ignak the Magician (level 11, 0/81 HPs)
             Began as a Gnoll Air Elementalist on Feb 1, 2024.
             Was a Priest of Sif Muna.
             Frozen to death by Dwachs's ghost (17 damage)
             ... on level 8 of the Dungeon.
             The game lasted 00:29:02 (8318 turns).

Ignak the Magician (Gnoll Air Elementalist)         Turns: 8318, Time: 00:29:03

Health: 0/81       AC:  6    Str: 14    XL:     11   Next: 0%
Magic:  5/22       EV: 19    Int: 19    God:    Sif Muna [***...]
Gold:   311        SH:  0    Dex: 12    Spells: 2/25 levels left

rFire   . . .        a - +2 war axe (heavy)
rCold   . . .        (no shield)
rNeg    . . .        d - +0 troll leather armour
rPois   .            (no helmet)
rElec   .            (no cloak)
rCorr   .            G - +0 pair of gloves
SInv    .            g - +0 pair of boots
Will    .....        y - amulet of the acrobat
Stlth   +++          c - +5 ring of evasion
HPRegen 1.13/turn    H - +6 ring of strength
MPRegen 0.18/turn

%: acrobat
@: no status effects
A: fangs 1, strong nose, distributed training
a: Renounce Religion, Channel Magic, Forget Spell


You were on level 8 of the Dungeon.
You worshipped Sif Muna.
Sif Muna was most pleased with you.
You visited 2 branches of the dungeon, and saw 9 of its levels.

You collected 423 gold pieces.
You spent 112 gold pieces at shops.

Inventory:

Hand Weapons
 a - a +2 heavy war axe (weapon)
 b - a +1 whip of freezing
Missiles
 q - 34 poisoned darts (quivered)
Armour
 d - a +0 troll leather armour (worn)
 g - a +0 pair of boots (worn)
 o - a +0 buckler
 v - a +2 robe of cold resistance
 C - +0 steam dragon scales
 G - a +0 pair of gloves (worn)
Magical Staves
 l - a staff of cold
Jewellery
 c - a +5 ring of evasion (left hand)
 p - a ring of positive energy
 y - an amulet of the acrobat (around neck)
 H - a +6 ring of strength (right hand)
Wands
 u - a wand of roots (27)
 x - a wand of flame (17)
 E - a wand of light (11)
Scrolls
 e - 3 scrolls of identify
 f - 7 scrolls of poison
 i - a scroll of teleportation
 k - a scroll of vulnerability
 r - 5 scrolls of amnesia
 s - 4 scrolls of fog
 t - a scroll of immolation
 z - a scroll of enchant armour
 F - a scroll of blinking {unknown}
Potions
 h - a potion of brilliance {unknown}
 j - a potion of cancellation {unknown}
 m - a potion of enlightenment {unknown}
 n - a potion of attraction {unknown}
 w - a potion of magic
 A - 2 potions of heal wounds
 B - 3 potions of curing
 D - a potion of might {unknown}


   Skills:
 + Level 6.0 Fighting
 + Level 6.0 Short Blades
 + Level 6.0 Long Blades
 + Level 6.0 Axes
 + Level 6.0 Maces & Flails
 + Level 6.0 Polearms
 + Level 6.0 Staves
 + Level 6.0 Ranged Weapons
 + Level 6.0 Throwing
 + Level 6.0 Armour
 + Level 7.6 Dodging
 + Level 7.4 Stealth
 + Level 6.0 Shields
 + Level 6.0 Unarmed Combat
 + Level 7.9 Spellcasting
 + Level 5.5 Conjurations
 + Level 5.0 Hexes
 + Level 5.0 Summonings
 + Level 5.0 Necromancy
 + Level 5.0 Translocations
 + Level 5.0 Fire Magic
 + Level 5.0 Ice Magic
 + Level 7.5 Air Magic
 + Level 5.0 Earth Magic
 + Level 5.0 Alchemy
 + Level 6.6 Invocations
 + Level 6.0 Evocations
 + Level 5.5 Shapeshifting


You had 2 spell levels left.
You knew the following spells:

 Your Spells              Type           Power      Damage    Failure   Level
a - Shock                 Conj/Air       100%       1d9       1%          1
b - Blink                 Tloc           52%        N/A       2%          2
c - Airstrike             Air            18%        2d(3-19)  4%          4
d - Swiftness             Air            36%        N/A       1%          3
e - Fulminant Prism       Conj/Alch      13%        3d8       13%         4
f - Iskenderun's Mystic   Conj/Tloc      27%        2d7       13%         4
x - Fugue of the Fallen   Necr           26%        N/A       4%          3
z - Static Discharge      Conj/Air       64%        3-6/arc   1%          2

Your spell library contained the following spells:

 Spells                   Type           Power      Damage    Failure   Level
 Momentum Strike          Conj/Tloc      54%        3d9       1%          2
 Lesser Beckoning         Tloc           52%        N/A       2%          2
 Ozocubu's Armour         Ice            26%        N/A       4%          3
 Volatile Blastmotes      Fire/Tloc      52%        2d14      4%          3
 Manifold Assault         Tloc           26%        N/A       14%         4


Dungeon Overview and Level Annotations

Branches:
Dungeon (8/15)             Temple (1/1) D:4
   Lair: D:8-11

Altars:
Ashenzari
Cheibriados
Dithmenos
Elyvilon
Fedhas
Gozag
Hepliaklqana
Kikubaaqudgha
Makhleb
Nemelex Xobeh
Okawaru
Qazlal
Ru
Sif Muna
Trog
Uskayaw
Vehumet
Wu Jian
Xom
The Shining One

Shops:
D:6 !

Annotations:
D:8 Dwachs's ghost, novice MfIE


Innate Abilities, Weirdness & Mutations

You have very sharp teeth.
Your uncanny sense of smell can sniff out nearby items.
Your experience applies equally to all skills.


Message History

Dwachs's ghost freezes you.
You are frozen!!
The ice beast completely misses you.
You slash Dwachs's ghost!
Dwachs's ghost is severely damaged.
You hit the ice beast but do no damage. You slash the ice beast!
The ice beast completely misses you.
Dwachs's ghost hits you but does no damage.
The ice beast closely misses you. The ice beast misses you.
Dwachs's ghost hits you but does no damage.
The ice beast misses you.
Casting: Airstrike (dangerous; 4% risk of failure)
Confirm with . or Enter, or press ? or * to list all spells.
You blink.
The ice beast misses you.
Dwachs's ghost gestures wildly while chanting.
The ice beast completely misses you.
The ice beast attacks as it pursues you!
The ice beast completely misses you.
You feel ready to blink again.
The ice beast attacks as it pursues you!
The ice beast closely misses you.
The ice beast attacks as it pursues you!
The ice beast barely misses you.
The ice beast attacks as it pursues you!
The ice beast completely misses you.
You hit the ice beast.
The ice beast is heavily wounded.
The ice beast closely misses you. Dwachs's ghost closely misses you.
You closely miss Dwachs's ghost.
Dwachs's ghost is severely damaged.
You completely miss the ice beast. You closely miss the ice beast.
The ice beast misses you. Dwachs's ghost freezes you.
You are frozen!!
The ice beast hits you but does no damage.
The ice beast hits you. The ice beast freezes you! The ice beast hits you.
The ice beast freezes you!
* * * LOW HITPOINT WARNING * * *
Dwachs's ghost freezes you.
You are frozen!
You die...

##### ##...######
##.#.......######
########.##.##.##.......
#...................####
#.######.##.##.####.#
#.###.............#.#
#.#....YW#...##.#[#.####
##.#....@Y.........)#....
##.#.....#Y.......#)#>####
####.###.............#.#.# #
#...## ##............#.#.# #
####[##.###....#........#.#.# ##
#........#.....#........#.#.# #.
#.##.####.##...#..........#.###.
#.##.# #........................
#.##.###..##.#.......<..........


You could see 3 ice beasts and Dwachs's ghost.

Vanquished Creatures
  The ghost of temujin the Thaumaturge, a novice DjCj (D:7)
  Pikel (D:6)
  A wyvern (D:7)
  9 yaks (D:8)
  2 steam dragons (D:7)
  2 water moccasins
  3 black bears
  2 ice beasts
  2 orc warriors
  2 sky beasts (D:7)
  An ogre (D:5)
  3 centaurs
  4 lemures (D:5)
  4 kobold brigands
  A phantom (D:4)
  9 bullfrogs
  3 scorpions
  A burial acolyte (D:7)
  11 killer bees (D:8)
  A howler monkey (D:5)
  A bombardier beetle (D:4)
  5 hounds
  2 orc priests (D:5)
  A jelly (D:4)
  4 iguanas
  A gnoll bouda (D:5)
  An orc wizard (D:5)
  10 gnolls
  5 adders
  2 shadow imps
  5 white imps
  An adder zombie (D:7)
  3 dart slugs
  2 ribbon worms (D:2)
  24 orcs
  7 ball pythons
  7 endoplasms
  3 giant cockroaches
  7 goblins
  13 hobgoblins
  15 jackals
  9 kobolds
  3 quokkas (D:2)
  7 bats
  4 frilled lizards
  A jackal zombie (D:7)
  4 rats
210 creatures vanquished.

Vanquished Creatures (others)
  9 fulminant prisms
9 creatures vanquished.

Grand Total: 219 creatures vanquished

Notes
Turn   | Place    | Note
-------+----------+-------------------------------------------
     0 | D:1      | Ignak the Gnoll Air Elementalist began the quest for the
                  | Orb.
     0 | D:1      | Reached XP level 1. HP: 13/13 MP: 6/6
   125 | D:1      | Reached XP level 2. HP: 19/19 MP: 2/7
   345 | D:1      | Reached skill level 5 in Spellcasting
   345 | D:1      | Reached XP level 3. HP: 25/25 MP: 2/9
   660 | D:1      | Reached skill level 1 in Invocations
   693 | D:1      | Reached skill level 1 in Fighting
   693 | D:1      | Reached skill level 1 in Short Blades
   693 | D:1      | Reached skill level 1 in Long Blades
   693 | D:1      | Reached skill level 1 in Axes
   693 | D:1      | Reached skill level 1 in Maces & Flails
   693 | D:1      | Reached skill level 1 in Polearms
   693 | D:1      | Reached skill level 1 in Staves
   693 | D:1      | Reached skill level 1 in Ranged Weapons
   693 | D:1      | Reached skill level 1 in Throwing
   693 | D:1      | Reached skill level 1 in Armour
   693 | D:1      | Reached skill level 1 in Shields
   693 | D:1      | Reached skill level 1 in Unarmed Combat
   693 | D:1      | Reached skill level 1 in Evocations
  1109 | D:2      | Reached skill level 1 in Shapeshifting
  1109 | D:2      | Reached XP level 4. HP: 32/32 MP: 11/11
  1200 | D:2      | Reached skill level 1 in Hexes
  1200 | D:2      | Reached skill level 1 in Summonings
  1200 | D:2      | Reached skill level 1 in Necromancy
  1200 | D:2      | Reached skill level 1 in Translocations
  1200 | D:2      | Reached skill level 1 in Fire Magic
  1200 | D:2      | Reached skill level 1 in Ice Magic
  1200 | D:2      | Reached skill level 1 in Earth Magic
  1200 | D:2      | Reached skill level 1 in Alchemy
  1241 | D:2      | Found a faded altar of an unknown god.
  1468 | D:3      | Learned a level 2 spell: Static Discharge
  1472 | D:3      | Learned a level 3 spell: Swiftness
  1477 | D:3      | Learned a level 4 spell: Airstrike
  1721 | D:3      | Reached XP level 5. HP: 26/37 MP: 12/12
  1965 | D:3      | Found a snail-covered altar of Cheibriados.
  1973 | D:3      | Found a hide-covered altar of Uskayaw.
  2114 | D:3      | Found a burning altar of Makhleb.
  2114 | D:3      | Found a sparkling altar of Nemelex Xobeh.
  2125 | D:3      | Found an ornate altar of the Wu Jian Council.
  2127 | D:3      | Found a faded altar of an unknown god.
  2130 | D:3      | Found a glowing golden altar of the Shining One.
  2412 | D:4      | Found a staircase to the Ecumenical Temple.
  2421 | Temple   | Entered the Ecumenical Temple
  2431 | Temple   | Became a worshipper of Sif Muna the Loreminder
  2575 | D:4      | Reached XP level 6. HP: 44/44 MP: 13/13
  2585 | D:4      | Noticed a black bear
  2596 | D:4      | Killed a black bear
  2597 | D:4      | Reached skill level 5 in Dodging
  2748 | D:4      | Reached XP level 7. HP: 24/50 MP: 12/15
  3382 | D:5      | Entered Level 5 of the Dungeon
  3425 | D:5      | Found an opulent altar of Gozag.
  3579 | D:5      | Reached * piety under Sif Muna
  3580 | D:5      | Reached skill level 5 in Stealth
  3590 | D:5      | HP: 2/51 [bullfrog (4)]
  3607 | D:4      | HP: 2/51 [bullfrog (4)]
  3676 | D:5      | Reached XP level 8. HP: 57/58 MP: 16/16
  4580 | D:6      | Noticed Pikel
  4622 | D:6      | Killed Pikel
  4623 | D:6      | Reached XP level 9. HP: 40/65 MP: 10/18
  4636 | D:6      | Reached ** piety under Sif Muna
  4951 | D:6      | Found a radiant altar of Vehumet.
  5047 | D:6      | Found Wyidghat's Distillery.
  5052 | D:6      | Bought a potion of heal wounds for 70 gold pieces
  5059 | D:6      | Bought a potion of curing for 42 gold pieces
  5378 | D:6      | Learned a level 4 spell: Iskenderun's Mystic Blast
  5383 | D:6      | Learned a level 4 spell: Fulminant Prism
  5713 | D:7      | Reached skill level 5 in Invocations
  5759 | D:7      | HP: 1/67 [steam dragon/ball of steam (12)]
  5771 | D:7      | Reached skill level 5 in Fighting
  5771 | D:7      | Reached skill level 5 in Short Blades
  5771 | D:7      | Reached skill level 5 in Long Blades
  5771 | D:7      | Reached skill level 5 in Axes
  5771 | D:7      | Reached skill level 5 in Maces & Flails
  5771 | D:7      | Reached skill level 5 in Polearms
  5771 | D:7      | Reached skill level 5 in Staves
  5771 | D:7      | Reached skill level 5 in Ranged Weapons
  5771 | D:7      | Reached skill level 5 in Throwing
  5771 | D:7      | Reached skill level 5 in Armour
  5771 | D:7      | Reached skill level 5 in Shields
  5771 | D:7      | Reached skill level 5 in Unarmed Combat
  5771 | D:7      | Reached skill level 5 in Evocations
  5771 | D:7      | Reached XP level 10. HP: 47/74 MP: 5/20
  6202 | D:7      | Found a blossoming altar of Fedhas.
  6393 | D:7      | Found an ancient bone altar of Kikubaaqudgha.
  6704 | D:7      | Found a runed translucent door.
  6704 | D:7      | Noticed temujin's ghost (novice DjCj)
  6772 | D:7      | Killed temujin's ghost
  6773 | D:7      | Reached skill level 5 in Conjurations
  7029 | D:8      | Reached skill level 5 in Shapeshifting
  7053 | D:8      | Learned a level 3 spell: Fugue of the Fallen
  7063 | D:8      | Found a transporter.
  7063 | D:8      | Found a transporter.
  7063 | D:8      | Noticed Dwachs's ghost (novice MfIE)
  7090 | D:8      | Learned a level 2 spell: Blink
  7276 | D:8      | Reached *** piety under Sif Muna
  7857 | D:8      | Reached skill level 5 in Hexes
  7857 | D:8      | Reached skill level 5 in Summonings
  7857 | D:8      | Reached skill level 5 in Necromancy
  7857 | D:8      | Reached skill level 5 in Translocations
  7857 | D:8      | Reached skill level 5 in Fire Magic
  7857 | D:8      | Reached skill level 5 in Ice Magic
  7857 | D:8      | Reached skill level 5 in Earth Magic
  7857 | D:8      | Reached skill level 5 in Alchemy
  7873 | D:8      | Reached XP level 11. HP: 44/81 MP: 3/22
  8318 | D:8      | Frozen to death by Dwachs's ghost

Illustrated notes

Levels and vault maps discovered:
D:1:      psy_arrival_statuary, layout_basic, minivault_19
D:2:      layout_rooms, ebering_ecumenical_altar_webs
D:3:      layout_loops_ring, chequers_temple_overflow_minitemple,
          nicolae_overflow_hidden_temple, minitemple, minivault_25
D:4:      layout_cave_pods, minmay_temple_entry_purple_smoke, nicolae_the_louvre
D:5:      layout_basic, nicolae_gozag_seed_capital
D:6:      layout_basic, mainiacjoe_overflow_surrounded_room, serial_shops,
          kennysheep_little_box, kennysheep_generic_room_6, uniq_pikel
D:7:      minmay_s_stair_smasher, layout_loops_ring, general_overflow_altar,
          lemuel_zombie_altar_kikubaaqudgha, gammafunk_ghost_grave,
          minmay_starry_boxes
D:8:      layout_loops_ring, gammafunk_ghost_hive
Temple:   nicolae_temple_bog_church

Skill      XL: |  1  2  3  4  5  6  7  8  9 10 |
---------------+-------------------------------+-----
Conjurations   | 2 3 4 5 |  5.5
Spellcasting   | 5 6 7 |  7.9
Invocations    | 1 2 3 4 5 6 |  6.6
Fighting       | 1 2 3 4 5 6 |  6.0
Short Blades   | 1 2 3 4 5 6 |  6.0
Long Blades    | 1 2 3 4 5 6 |  6.0
Axes           | 1 2 3 4 5 6 |  6.0
Maces & Flails | 1 2 3 4 5 6 |  6.0
Polearms       | 1 2 3 4 5 6 |  6.0
Staves         | 1 2 3 4 5 6 |  6.0
Ranged Weapons | 1 2 3 4 5 6 |  6.0
Throwing       | 1 2 3 4 5 6 |  6.0
Armour         | 1 2 3 4 5 6 |  6.0
Shields        | 1 2 3 4 5 6 |  6.0
Unarmed Combat | 1 2 3 4 5 6 |  6.0
Evocations     | 1 2 3 4 5 6 |  6.0
Shapeshifting  | 1 2 3 4 5 |  5.5
Hexes          | 1 2 3 4 5 |  5.0
Summonings     | 1 2 3 4 5 |  5.0
Necromancy     | 1 2 3 4 5 |  5.0
Translocations | 1 2 3 4 5 |  5.0
Fire Magic     | 1 2 3 4 5 |  5.0
Ice Magic      | 1 2 3 4 5 |  5.0
Earth Magic    | 1 2 3 4 5 |  5.0
Alchemy        | 1 2 3 4 5 |  5.0
Dodging        | 5 6 7 |  7.6
Stealth        | 5 6 7 |  7.4
Air Magic      | 6 7 |  7.5

Action                     |  1- 3 |  4- 6 |  7- 9 | 10-12 || total
---------------------------+-------+-------+-------+-------++-------
  Melee: Dagger            |     8 |       |       |       ||     8
         Bite              |     3 |    11 |    11 |    13 ||    38
         Unarmed           |     2 |       |       |       ||     2
         War axe           |    16 |   109 |   141 |   102 ||   368
         Punch             |     1 |     1 |     1 |     4 ||     7
         Whip              |       |       |       |    19 ||    19
  Throw: Dart              |       |    12 |       |     1 ||    13
   Cast: Shock             |    30 |       |    14 |    12 ||    56
         Static Discharge  |       |     6 |    26 |     7 ||    39
         Swiftness         |       |       |     2 |       ||     2
         Airstrike         |       |       |    13 |    16 ||    29
         Iskenderun's Myst |       |       |     2 |    12 ||    14
         Fulminant Prism   |       |       |       |     9 ||     9
         Fugue of the Fall |       |       |       |     2 ||     2
         Blink             |       |       |       |     5 ||     5
  Evoke: Wand              |       |       |       |    10 ||    10
    Use: Scroll            |       |       |     6 |     1 ||     7
         Potion            |       |       |     5 |       ||     5
   Stab: Sleeping          |     3 |     7 |     4 |     2 ||    16
         Distracted        |       |     2 |       |       ||     2
 Armour: Troll leather arm |    17 |   120 |   154 |   108 ||   399
  Dodge: Dodged            |    30 |   124 |   258 |   234 ||   646
